 Dungeon Crawl Stone Soup version 0.18-a0-816-g97f838e (webtiles) character file.

192 JokEr the Skirmisher (level 5, -3/38 HPs)
             Began as an Octopode Fighter on Dec 15, 2015.
             Was an Initiate of Okawaru.
             Slain by a gnoll (7 damage)
             ... on level 4 of the Dungeon.
             The game lasted 00:06:48 (3221 turns).

JokEr the Skirmisher (Octopode Fighter)             Turns: 3221, Time: 00:06:49

Health: -3/38      AC:  1    Str: 17    XL:     5   Next: 71%
Magic:  5/5        EV: 10    Int: 10    God:    Okawaru [......]
Gold:   122        SH:  8    Dex: 11    Spells: 0 memorised, 4 levels left

rFire  . . .     SeeInvis .     a - +1 war axe
rCold  . . .     Clarity  .     b - +0 shield
rNeg   . . .     SustAt   .     (helmet restricted)
rPois  .         Gourm    .     (no amulet)
rElec  .         Spirit   .     (no ring)
rCorr  .         Dismiss  .     (no ring)
rMut   .         Stasis   .     (no ring)
MR     .....                    (no ring)
Stlth  ++........               (no ring)
                                (no ring)
                                (no ring)
                                (no ring)

@: not resistant to hostile enchantments, unstealthy
A: almost no armour, amphibious, 8 rings, constrict 8, camouflage 1, gelatinous
body 1
a: Renounce Religion


You were on level 4 of the Dungeon.
You worshipped Okawaru.
Okawaru was noncommittal.
You were not hungry.

You visited 2 branches of the dungeon, and saw 5 of its levels.

You collected 122 gold pieces.

Inventory:

Hand Weapons
 a - a +1 war axe (weapon)
Armour
 b - a +0 shield (worn)
Scrolls
 c - a scroll of recharging
 h - 6 scrolls of remove curse
 o - 2 scrolls of amnesia {unknown}
 p - 2 scrolls of identify {unknown}
 q - 2 scrolls of noise {unknown}
 s - a scroll of teleportation {unknown}
Potions
 e - 3 potions of curing {unknown}
 f - 2 potions of cancellation {unknown}
 i - a potion of cure mutation {unknown}
 j - 2 potions of magic {unknown}
 k - a potion of agility {unknown}
 l - a potion of berserk rage {unknown}
 n - a potion of lignification {unknown}
Comestibles
 d - 3 bread rations
 g - a beef jerky


   Skills:
 + Level 4.7 Fighting
 + Level 4.4 Axes
 - Level 3.0 Dodging
 - Level 3.0 Shields


You had 4 spell levels left.
You didn't know any spells.

Dungeon Overview and Level Annotations

Branches:
Dungeon (4/15)             Temple (1/1) D:4

Altars:
Dithmenos
Gozag
Makhleb
Okawaru
Qazlal
Ru
Vehumet
Xom
The Shining One


Innate Abilities, Weirdness & Mutations

You cannot wear most types of armour.
You are amphibious.
You can wear up to eight rings at the same time.
You can use your tentacles to constrict eight enemies at once.
Your skin changes colour to match your surroundings (Stealth).
Your rubbery body absorbs attacks (AC +1).


Message History

Really abort (and waste the scroll)?
Okay, then.
You block the gnoll's attack.
The gnoll hits you from afar with a halberd.
You hit the gnoll. You grab the gnoll.
The gnoll is moderately wounded.
You constrict the gnoll. You block the gnoll's attack.
The gnoll hits you from afar with a halberd!
* * * LOW HITPOINT WARNING * * *
You hit the gnoll.
You squeeze the gnoll, but do no damage.
The gnoll is severely wounded.
You constrict the gnoll.
You kill the gnoll!
Okawaru accepts your kill. You block the gnoll's attack.
You hit the gnoll. You grab the gnoll. You squeeze the gnoll.
The gnoll is severely wounded.
You constrict the gnoll. You block the gnoll's attack. The gnoll hits you!
You die...

##.####.##. .###.####....
## ............. ..
####.##.#..#. .##
#.##.#.... # ..
#######........# #.. #.
#.......##.#.#.#
#....#g###.########......
.[.....g@............>#..
#....(.###.##########.##.
##..... #.# . #..##.
#..... #.# ####. #..##.
#..... #.. .....##..##.
#..... ### ###......##.
#..... ............
##.#.. ##.###...##
#.......##


You could see 2 gnolls.

Vanquished Creatures
  An orc priest (D:3)
  6 gnolls
  3 adders
  An ooze (D:2)
  An adder skeleton (D:4)
  2 worms (D:3)
  3 giant geckos
  4 orcs (D:3)
  7 bats
  2 giant cockroaches
  10 goblins
  6 hobgoblins
  A quokka (D:4)
  8 giant newts
  4 kobolds
  6 rats
65 creatures vanquished.

Notes
Turn   | Place    | Note
--------------------------------------------------------------
     0 | D:1      | JokEr the Octopode Fighter began the quest for the Orb.
     0 | D:1      | Reached XP level 1. HP: 16/16 MP: 1/1
   369 | D:1      | Reached XP level 2. HP: 19/21 MP: 2/2
  1024 | D:2      | Reached XP level 3. HP: 26/26 MP: 3/3
  1481 | D:2      | Found a faded altar to an unknown god.
  1933 | D:2      | Reached XP level 4. HP: 33/33 MP: 4/4
  1965 | D:3      | Found a shimmering altar of Xom.
  1990 | D:3      | Reached skill level 4 in Fighting
  2312 | D:3      | Reached XP level 5. HP: 37/37 MP: 5/5
  3028 | D:4      | Found a staircase to the Ecumenical Temple.
  3038 | Temple   | Entered the Ecumenical Temple
  3146 | Temple   | Became a worshipper of Warmaster Okawaru
  3221 | D:4      | Slain by a gnoll

Vault maps used:
D:1:      dpeg_arrival_ternary, minmay_box_of_dots
D:2:      first_bread, ecumenical_altar_1
D:3:      xom_teletrap_fun
D:4:      lemuel_crystal_altar, temple_green
Temple:   nicolae_temple_figure_zero

Action                   |  1- 3 |  4- 6 || total
-------------------------+-------+-------++-------
Melee: War axe           |    62 |    57 ||   119
  Use: Scroll            |     3 |     1 ||     4
       Potion            |       |     2 ||     2
 Stab: Sleeping          |     9 |       ||     9
       Distracted        |       |     1 ||     1
  Eat: Chunk             |     2 |     4 ||     6
       Pizza             |       |     1 ||     1
